BR (22 & UNDER)
QUINCY DOUGHBOYS @ ALABAMA SHAKES
07/24/2030
 
TOP OF THE 1ST
Quincy Doughboys batting - Pitching for Alabama Shakes : RHP Dave MacLardie
Pitching: RHP Dave MacLardie
Batting: LHB Esteban Pérez 0-0: Ball
1-0: Ball
2-0: Swinging Strike
2-1: Ball
3-1: SINGLE (Line Drive, 4MD)
Batting: RHB Luis Díaz 0-0: Called Strike
0-1: Ball
1-1: Ball
2-1: Fly out, F8 (Flyball, 89D)
Batting: RHB Geoff Rainey 0-0: Ball
1-0: Ball
Esteban Pérez steals 2nd base
2-0: Fly out, F8 (Flyball, 8LS)
Batting: LHB José Martínez 0-0: Fly out, F9 (Flyball, 89D)
Top of the 1st over - 0 runs, 1 hit, 0 errors, 1 left on base; Quincy 0 - Alabama 0
BOTTOM OF THE 1ST
Alabama Shakes batting - Pitching for Quincy Doughboys : RHP Orlando Molina
Pitching: RHP Orlando Molina
Batting: SHB Doug Thompson 0-0: Ball
1-0: Fly out, F7 (Line Drive, 7LM)
Batting: RHB Billy Gray 0-0: Ball
1-0: Ball
2-0: Ball
3-0: Base on Balls
Batting: LHB Edgardo Molina 0-0: Ball
1-0: Fly out, F8 (Flyball, 78D)
Batting: RHB Tim Oliver 0-0: Swinging Strike
0-1: Foul Ball, location: 2F
0-2: Foul Ball, location: 2F
0-2: Fly out, F8 (Flyball, 8LM)
Bottom of the 1st over - 0 runs, 0 hits, 0 errors, 1 left on base; Quincy 0 - Alabama 0
TOP OF THE 2ND
Quincy Doughboys batting - Pitching for Alabama Shakes : RHP Dave MacLardie
Batting: RHB Reggie Snyder 0-0: Ball
1-0: Ground out 4-3 (Groundball, 4S)
Batting: RHB Blair Charnock 0-0: Ball
1-0: Ball
2-0: DOUBLE (Line Drive, 7LM)
Pinch Runner at 2nd Juan Pérez:
Batting: LHB Ramón Quintanilla 0-0: Fly out, F8 (Line Drive, 89S)
Batting: RHB Steve Cooper 0-0: Ball
1-0: Ball
2-0: Swinging Strike
2-1: Foul Ball, location: 2F
2-2: Strikes out looking
Top of the 2nd over - 0 runs, 1 hit, 0 errors, 1 left on base; Quincy 0 - Alabama 0
BOTTOM OF THE 2ND
Alabama Shakes batting - Pitching for Quincy Doughboys : RHP Orlando Molina
Now at 1B: Juan Pérez
Batting: RHB Andrés Aguirre 0-0: Ball
1-0: Ball
2-0: Called Strike
2-1: Foul Ball, location: 2F
2-2: Foul Ball, location: 2F
2-2: Ball
3-2: Strikes out swinging
Batting: RHB Matt Bascombe 0-0: Ball
1-0: Ball
2-0: Ball
3-0: Called Strike
3-1: Called Strike
3-2: Foul Ball, location: 2F
3-2: Foul Ball, location: 2F
3-2: Foul Ball, location: 2F
3-2: Base on Balls
Batting: LHB Brett Anderson 0-0: Swinging Strike
0-1: Ball
1-1: Ball
2-1: Ball
Wild Pitch!
Matt Bascombe to second
3-1: Swinging Strike
3-2: Foul Ball, location: 2F
3-2: Strikes out swinging
Batting: RHB Mark Jackson 0-0: Ball
1-0: Swinging Strike
1-1: Ball
2-1: Foul Ball, location: 2F
2-2: Foul Ball, location: 2F
2-2: Strikes out swinging
Bottom of the 2nd over - 0 runs, 0 hits, 0 errors, 1 left on base; Quincy 0 - Alabama 0
TOP OF THE 3RD
Quincy Doughboys batting - Pitching for Alabama Shakes : RHP Dave MacLardie
Batting: RHB Ben Williams 0-0: Ball
1-0: TRIPLE (Line Drive, 89XD)
Batting: LHB Esteban Pérez 0-0: DOUBLE (Flyball, 78D)
Ben Williams scores
Batting: RHB Luis Díaz 0-0: Called Strike
0-1: Fly out, F8 (Flyball, 8LM)
Batting: RHB Geoff Rainey 0-0: Ball
1-0: Called Strike
1-1: Ground out 6-3 (Groundball, 6)
Esteban Pérez to third
Batting: LHB José Martínez 0-0: Called Strike
0-1: Ball
1-1: Ball
2-1: Foul Ball, location: 2F
2-2: Hit by Pitch
Batting: RHB Reggie Snyder 0-0: Ball
1-0: Ball
2-0: Called Strike
2-1: Ground out 4-3 (Groundball, 4M)
Top of the 3rd over - 1 run, 2 hits, 0 errors, 2 left on base; Quincy 1 - Alabama 0
BOTTOM OF THE 3RD
Alabama Shakes batting - Pitching for Quincy Doughboys : RHP Orlando Molina
Batting: RHB Bud López 0-0: Ball
1-0: Called Strike
1-1: Ball
2-1: Swinging Strike
2-2: Strikes out swinging
Batting: SHB Doug Thompson 0-0: Ball
1-0: Called Strike
1-1: Called Strike
1-2: Fly out, F6 (Popup, 6)
Batting: RHB Billy Gray 0-0: SINGLE (Flyball, 78S)
Batting: LHB Edgardo Molina 0-0: Foul Ball, location: 2F
0-1: Ball
1-1: Swinging Strike
1-2: Ball
2-2: Ball
3-2: Ground out U3 (Groundball, 3L)
Bottom of the 3rd over - 0 runs, 1 hit, 0 errors, 1 left on base; Quincy 1 - Alabama 0
TOP OF THE 4TH
Quincy Doughboys batting - Pitching for Alabama Shakes : RHP Dave MacLardie
Batting: RHB Juan Pérez 0-0: Ball
1-0: SINGLE (Groundball, 4MD)
Batting: LHB Ramón Quintanilla 0-0: Ball
1-0: Grounds into double play, 6-4-3 (Groundball, 6M)
Batting: RHB Steve Cooper 0-0: Ball
1-0: Called Strike
1-1: Foul Ball, location: 2F
1-2: Ball
2-2: Ball
3-2: Fly out, F4 (Line Drive, 4M)
Top of the 4th over - 0 runs, 1 hit, 0 errors, 0 left on base; Quincy 1 - Alabama 0
BOTTOM OF THE 4TH
Alabama Shakes batting - Pitching for Quincy Doughboys : RHP Orlando Molina
Batting: RHB Tim Oliver 0-0: Ground out 6-3 (Groundball, 6)
Batting: RHB Andrés Aguirre 0-0: Ball
1-0: Ball
2-0: Swinging Strike
2-1: Ball
3-1: Fly out, F3 (Popup, 3D)
Batting: RHB Matt Bascombe 0-0: Fly out, F8 (Flyball, 8RD)
Bottom of the 4th over - 0 runs, 0 hits, 0 errors, 0 left on base; Quincy 1 - Alabama 0
TOP OF THE 5TH
Quincy Doughboys batting - Pitching for Alabama Shakes : RHP Dave MacLardie
Batting: RHB Ben Williams 0-0: SINGLE (Groundball, 6D)
Batting: LHB Esteban Pérez 0-0: Called Strike
0-1: Swinging Strike
0-2: Strikes out swinging
Batting: RHB Luis Díaz 0-0: Ball
1-0: Ball
2-0: Swinging Strike
2-1: Swinging Strike
2-2: Fly out, F6 (Line Drive, 6M)
Batting: RHB Geoff Rainey 0-0: Hit by Pitch
Ben Williams to second
Batting: LHB José Martínez 0-0: Foul Ball, location: 2F
0-1: Ball
1-1: Ball
2-1: Foul Ball, location: 2F
2-2: Ball
3-2: Reached on error, E4 (Line Drive, 4)
Ben Williams to third
Geoff Rainey to second
Batting: RHB Reggie Snyder 0-0: SINGLE (Flyball, 3D)
Ben Williams scores
Geoff Rainey to third
José Martínez to second
Runner from 3rd tries for Home, SAFE, no throw
Batting: RHB Juan Pérez 0-0: Called Strike
0-1: Ball
1-1: Ball
2-1: Fly out, F8 (Flyball, 8LM)
Top of the 5th over - 2 runs, 2 hits, 1 error, 2 left on base; Quincy 3 - Alabama 0
BOTTOM OF THE 5TH
Alabama Shakes batting - Pitching for Quincy Doughboys : RHP Orlando Molina
Batting: LHB Brett Anderson 0-0: Ground out 6-3 (Groundball, 6)
Batting: RHB Mark Jackson 0-0: Called Strike
0-1: Ground out 1-3 (Groundball, P)
Batting: RHB Bud López 0-0: Called Strike
0-1: Ground out U3 (Groundball, 34S)
Bottom of the 5th over - 0 runs, 0 hits, 0 errors, 0 left on base; Quincy 3 - Alabama 0
TOP OF THE 6TH
Quincy Doughboys batting - Pitching for Alabama Shakes : RHP Dave MacLardie
Batting: LHB Ramón Quintanilla 0-0: Foul Ball, location: 2F
0-1: Fly out, F3 (Popup, 34S)
Batting: RHB Steve Cooper 0-0: Swinging Strike
0-1: Called Strike
0-2: Ground out U3 (Groundball, 34)
Batting: RHB Ben Williams 0-0: SINGLE (Flyball, 8RS)
Batting: LHB Esteban Pérez 0-0: Ball
1-0: Ground out 4-3 (Groundball, 4)
Top of the 6th over - 0 runs, 1 hit, 0 errors, 1 left on base; Quincy 3 - Alabama 0
BOTTOM OF THE 6TH
Alabama Shakes batting - Pitching for Quincy Doughboys : RHP Orlando Molina
Batting: SHB Doug Thompson 0-0: Called Strike
0-1: Called Strike
0-2: Strikes out swinging
Batting: RHB Billy Gray 0-0: Called Strike
0-1: Ball
1-1: Ground out 6-3 (Groundball, 6)
Batting: LHB Edgardo Molina 0-0: Ball
1-0: Ball
2-0: Foul Ball, location: 2F
2-1: Ground out 5-3 (Groundball, 56D)
Bottom of the 6th over - 0 runs, 0 hits, 0 errors, 0 left on base; Quincy 3 - Alabama 0
TOP OF THE 7TH
Quincy Doughboys batting - Pitching for Alabama Shakes : RHP Dave MacLardie
Batting: RHB Luis Díaz 0-0: Called Strike
0-1: Ground out 1-3 (Groundball, P)
Batting: RHB Geoff Rainey 0-0: Ball
1-0: SINGLE (Groundball, 6MD)
Batting: LHB José Martínez 0-0: Swinging Strike
0-1: Ball
1-1: Ball
2-1: Ball
3-1: Fly out, F3 (Line Drive, 3)
Batting: RHB Reggie Snyder 0-0: Ball
1-0: Called Strike
1-1: Called Strike
1-2: Ground out 1-3 (Groundball, 13S)
Top of the 7th over - 0 runs, 1 hit, 0 errors, 1 left on base; Quincy 3 - Alabama 0
BOTTOM OF THE 7TH
Alabama Shakes batting - Pitching for Quincy Doughboys : RHP Orlando Molina
Batting: RHB Tim Oliver 0-0: Fly out, F8 (Flyball, 78D)
Batting: RHB Andrés Aguirre 0-0: Called Strike
0-1: Ball
1-1: Ball
2-1: Foul Ball, location: 2F
2-2: Ground out 5-3 (Groundball, 56)
Batting: RHB Matt Bascombe 0-0: DOUBLE (Line Drive, 8RD)
Batting: LHB Brett Anderson 0-0: Ball
1-0: Ball
2-0: Called Strike
2-1: Swinging Strike
2-2: Strikes out swinging
Bottom of the 7th over - 0 runs, 1 hit, 0 errors, 1 left on base; Quincy 3 - Alabama 0
TOP OF THE 8TH
Quincy Doughboys batting - Pitching for Alabama Shakes : RHP Dave MacLardie
Pitching: RHP Jorge Vásquez
Batting: RHB Juan Pérez 0-0: Ball
1-0: Called Strike
1-1: Called Strike
1-2: Foul Ball, location: 2F
1-2: Ball
2-2: Strikes out swinging
Batting: LHB Ramón Quintanilla 0-0: Ground out 4-3 (Groundball, 4M)
Batting: RHB Steve Cooper 0-0: Called Strike
0-1: Called Strike
0-2: Ball
1-2: Strikes out swinging
Top of the 8th over - 0 runs, 0 hits, 0 errors, 0 left on base; Quincy 3 - Alabama 0
BOTTOM OF THE 8TH
Alabama Shakes batting - Pitching for Quincy Doughboys : RHP Orlando Molina
Now at 2B: Dillon Lewis
Batting: RHB Mark Jackson 0-0: Called Strike
0-1: Ball
1-1: Ground out 4-3 (Groundball, 4)
Batting: RHB Bud López 0-0: Ball
1-0: Ball
2-0: Ground out 5-3 (Groundball, 56)
Batting: SHB Doug Thompson 0-0: Swinging Strike
0-1: Ball
1-1: Foul Ball, location: 2F
1-2: Foul Ball, location: 2F
1-2: Ball
2-2: Ball
3-2: Foul Ball, location: 2F
3-2: SINGLE (Groundball, 34D)
Batting: RHB Billy Gray 0-0: Ball
1-0: Ball
2-0: Fly out, F8 (Flyball, 8RXD)
Bottom of the 8th over - 0 runs, 1 hit, 0 errors, 1 left on base; Quincy 3 - Alabama 0
TOP OF THE 9TH
Quincy Doughboys batting - Pitching for Alabama Shakes : RHP Jorge Vásquez
Pitching: RHP Brian Gardner
Batting: RHB Dillon Lewis 0-0: SINGLE (Line Drive, 9LS)
Batting: LHB Esteban Pérez 0-0: Called Strike
0-1: Ball
1-1: Ball
2-1: SINGLE (Groundball, 4MD)
Dillon Lewis to second
Batting: RHB Luis Díaz 0-0: Swinging Strike
0-1: Ball
1-1: Called Strike
1-2: Strikes out swinging
Batting: RHB Geoff Rainey 0-0: Ball
1-0: Swinging Strike
1-1: DOUBLE (Line Drive, 78D)
Dillon Lewis scores
Esteban Pérez to third
Runner from 3rd tries for Home, SAFE, no throw
Batting: LHB José Martínez 0-0: Fly out, F7 (Flyball, 78D)
Batting: RHB Reggie Snyder 0-0: Foul Ball, location: 2F
0-1: Ball
1-1: Swinging Strike
1-2: Strikes out looking
Top of the 9th over - 2 runs, 3 hits, 0 errors, 1 left on base; Quincy 5 - Alabama 0
BOTTOM OF THE 9TH
Alabama Shakes batting - Pitching for Quincy Doughboys : RHP Orlando Molina
Batting: LHB Edgardo Molina 0-0: Called Strike
0-1: Ball
1-1: Ball
2-1: Swinging Strike
2-2: Foul Ball, location: 2F
2-2: Foul Ball, location: 2F
2-2: Foul Ball, location: 2F
2-2: Foul Ball, location: 2F
2-2: Foul Ball, location: 2F
2-2: Ball
3-2: Fly out, F7 (Flyball, 7LD)
Batting: RHB Tim Oliver 0-0: Called Strike
0-1: Swinging Strike
0-2: Ball
1-2: DOUBLE (Flyball, 89D)
Pitching: RHP Arnie Zapata
Batting: RHB Andrés Aguirre 0-0: Foul Ball, location: 2F
0-1: SINGLE (Flyball, 89M)
Tim Oliver to third
Batting: RHB Matt Bascombe 0-0: Ball
1-0: Ball
2-0: Foul Ball, location: 2F
2-1: Called Strike
2-2: Foul Ball, location: 2F
2-2: Ball
3-2: Base on Balls
Andrés Aguirre to second
Pitching: LHP Ánibal Ávila
Batting: LHB Brett Anderson 0-0: Ball
1-0: Foul Ball, location: 2F
1-1: Ball
2-1: Foul Ball, location: 2F
2-2: Fielders Choice at 2nd, 4-6 (Groundball, 4)
Tim Oliver scores
Andrés Aguirre to third
Batting: RHB Mark Jackson 0-0: Ball
1-0: Foul Ball, location: 2F
1-1: Ball
2-1: Fly out, F7 (Flyball, 7LM)
Bottom of the 9th over - 1 run, 2 hits, 0 errors, 2 left on base; Quincy 5 - Alabama 1
Saturday, April 7th, 2018 - OOTP Baseball 18.8 Build 76